 Dungeon Crawl Stone Soup version 0.31.0-1-g2c135a0 (webtiles) character file.

Game seed: 17273792261969425646

13375 Think the Carver (level 12, -9/86 HPs)
             Began as an Octopode Fighter on Apr 11, 2024.
             Was an Initiate of Gozag.
             Mangled by a centaur warrior simulacrum (10 damage)
             ... in a Gauntlet.
             The game lasted 00:29:46 (12161 turns).

Think the Carver (Octopode Fighter)                Turns: 12161, Time: 00:29:46

Health: -9/86      AC:  1    Str: 16    XL:     12   Next: 5%
Magic:  21/21      EV: 22    Int: 14    God:    Gozag
Gold:   1710       SH:  8    Dex: 26    Spells: 4/11 levels left

rFire   + . .        F - +6 double sword of the Evil Eye {freeze, rF+ Int+3 Dex+5}
rCold   + . .        b - +1 buckler
rNeg    . . .        (helmet restricted)
rPois   +            (no amulet)
rElec   .            j - +6 ring of dexterity
rCorr   .            o - ring of protection from cold
SInv    .            t - ring of magical power
Will    .....        B - ring of poison resistance
Stlth   ++++         (no ring)
HPRegen 0.34/turn    (no ring)
MPRegen 0.17/turn    (no ring)
                     (no ring)

%: no teleportation
@: gold aura
A: almost no armour, amphibious, 8 rings, camouflage 1, gelatinous body 1,
(nimble swimmer 1), tentacles, subdued magic 1
a: Renounce Religion, Potion Petition, Call Merchant, Bribe Branch


You were in a Gauntlet.
You worshipped Gozag.
Gozag was most pleased with you.
You visited 2 branches of the dungeon, and saw 12 of its levels.
You also visited: Bailey and Gauntlet.

You collected 1899 gold pieces.
You spent 8 gold pieces at shops.
You paid 181 gold pieces to Gozag.

Inventory:

Hand Weapons
 a - a +0 long sword
 r - a +2 dagger of venom
 C - a +0 scimitar of freezing
 F - the +6 double sword of the Evil Eye (weapon) {freeze, rF+ Int+3 Dex+5}
   (You acquired it on level 8 of the Dungeon)

   Int+3:     It affects your intelligence (+3).
   Dex+5:     It affects your dexterity (+5).
   rF+:       It protects you from fire.
 I - a +0 whip of distortion
Missiles
 q - 18 poisoned darts (quivered)
 y - 18 boomerangs
 z - a throwing net
Armour
 b - a +1 buckler (worn)
Jewellery
 e - the amulet "Uvaxuj" {Spirit Str+2}
   (You found it in a Gauntlet)

   [amulet of guardian spirit]

   Spirit:    It causes incoming damage to be divided between your reserves of
   health and magic.
   Str+2:     It affects your strength (+2).
 j - a +6 ring of dexterity (left tentacle)
 o - a ring of protection from cold (right tentacle)
 t - a ring of magical power (on tentacle)
 B - a ring of poison resistance (on tentacle)
Talismans
 G - a blade talisman
Wands
 d - a wand of roots (15)
 x - a wand of quicksilver (6)
 A - a wand of charming (13)
 K - a wand of flame (8)
Scrolls
 c - 4 scrolls of teleportation
 f - a scroll of summoning {unknown}
 g - a scroll of enchant weapon {unknown}
 h - 2 scrolls of revelation
 i - 2 scrolls of enchant armour
 k - 3 scrolls of vulnerability
 m - 3 scrolls of amnesia
 p - 2 scrolls of immolation {unknown}
 v - a scroll of poison {unknown}
 E - a scroll of noise
 H - a scroll of fog
 J - 2 scrolls of identify
Potions
 l - 3 potions of curing
 n - a potion of cancellation
 s - a potion of brilliance {unknown}
 u - 2 potions of berserk rage
 w - a potion of ambrosia
 D - 6 potions of enlightenment


   Skills:
 + Level 9.6 Fighting
 * Level 12.2 Long Blades
 - Level 2.0 Throwing
 + Level 9.6 Dodging
 - Level 4.0 Stealth
 + Level 5.8 Shields
 + Level 4.5 Earth Magic


You had 4 spell levels left.
You knew the following spells:

 Your Spells              Type           Power      Damage    Failure   Level
a - Sandblast             Erth           18%        2d7       4%          1
b - Stone Arrow           Conj/Erth      8%         3d7       36%         3
c - Passwall              Erth           9%         N/A       14%         3

Your spell library contained the following spells:

 Spells                   Type           Power      Damage    Failure   Level
 Shock                    Conj/Air       0%         1d3       32%         1
 Hailstorm                Conj/Ice       0%         3d5       69%         3
 Inner Flame              Hex/Fire       0%         N/A       69%         3
 Summon Ice Beast         Ice/Summ       0%         N/A       69%         3
 Swiftness                Air            0%         N/A       69%         3
 Tukima's Dance           Hex            0%         N/A       69%         3
 Brom's Barrelling Bould  Conj/Erth      4%         2d3       78%         4
 Airstrike                Air            0%         2d(0-16)  98%         4
 Flame Wave               Conj/Fire      0%         2d4       98%         4
 Passage of Golubria      Tloc           0%         N/A       98%         4
 Sticky Flame             Fire/Alch      0%         2d4       98%         4
 Yara's Violent Unravell  Hex/Alch       0%         3d3       100%        5
 Sculpt Simulacrum        Ice/Alch       0%         N/A       100%        6
 Haunt                    Necr/Summ      0%         N/A       100%        7
 Infestation              Necr           0%         N/A       100%        8
 Animate Dead             Necr           Unusable   N/A       N/A         4

Dungeon Overview and Level Annotations

Branches:
Dungeon (11/15)            Temple (1/1) D:7            Lair (0/5) D:9
    Orc (0/2) D:9          Bailey (visited)         Gauntlet (1/1)

Altars:
Ashenzari
Cheibriados
Dithmenos
Elyvilon
Fedhas
Gozag
Hepliaklqana
Kikubaaqudgha
Makhleb
Nemelex Xobeh
Okawaru
Qazlal
Ru
Sif Muna
Trog
Uskayaw
Vehumet
Wu Jian
Xom
Yredelemnul
Zin
The Shining One

Shops:
D:3 (   D:7 [   D:9 *

Annotations:
Gauntlet 9 transporters, 2 runed translucent doors


Innate Abilities, Weirdness & Mutations

You cannot wear most types of armour.
You are amphibious.
You can wear up to eight rings at the same time.
Your skin changes colour to match your surroundings (Stealth+).
Your rubbery body absorbs attacks. (AC +1, EV +1)
((You are camouflaged when in or above water. (Stealth+)))
You have tentacles for arms and can constrict up to eight enemies at once.
Your spells are a little easier to cast, but a little less powerful.


Message History

You resist.
The centaur warrior simulacrum closely misses you.
The centaur warrior simulacrum completely misses you.
You slice the centaur warrior simulacrum!!
The centaur warrior simulacrum vaporises!
The centaur warrior simulacrum misses you.
The centaur warrior simulacrum kicks you.
The centaur warrior simulacrum freezes you!
You resist.
The centaur warrior simulacrum hits you!
The centaur warrior simulacrum freezes you!
You resist.
You block the centaur warrior simulacrum's attack.
You are engulfed in freezing vapours.
You resist.
The centaur warrior simulacrum closely misses you.
The centaur warrior simulacrum misses you.
You block the centaur warrior simulacrum's attack.
The centaur warrior simulacrum misses you.
The centaur warrior simulacrum attacks as it pursues you!
You block the centaur warrior simulacrum's attack.
The centaur warrior simulacrum misses you.
The centaur warrior simulacrum hits you!
* * * LOW HITPOINT WARNING * * *
The centaur warrior simulacrum freezes you!
You resist.
* * * LOW HITPOINT WARNING * * *
The centaur warrior simulacrum kicks you but does no damage.
The centaur warrior simulacrum closely misses you.
The centaur warrior simulacrum barely misses you.
Things that are here:
5 gold pieces; a potion of mutation The killer bee is distracted by your dazzling golden aura.
You block the centaur warrior simulacrum's attack. x2
The centaur warrior simulacrum barely misses you. x2
The centaur warrior simulacrum hits you.
* * * LOW HITPOINT WARNING * * *
The centaur warrior simulacrum freezes you!
You resist.
You die...
Your body crumbles into a pile of gold.

...#ZZ..##.#...##..##..#...#.####
.∩.#BBZZ..Z#.8.#y.yyyy.#.8.#Z)...
...#########...#########...######
.8.....#.....8.#.........8.#.....
...#########...#########...######
.∩.#..8#8..#.8.###...###.8.##.#.#
...#!..8...#...###Z..###...#5#5#.
#..#..8.8.8#.8.##Z'##..#.8.##.#©#
##.#©8^©^8##©.©#@Z#©#..#©.©#3#.#.
#≈.#[.8.8.8######Z##+..######!#.#
≈≈.#!..8...#...###...###...#.#.#.
#≈.#..8#8..#.8.###...###.8.##.#.#
##.#########...#########...######
#≈...............................
≈≈≈#≈≈≈#≈≈≈#≈≈≈#≈≈≈#≈≈≈#≈≈≈#≈≈≈#≈
#≈###≈###≈###≈###≈###≈###≈###≈###
## ### ### ### ### ### ### ### #


You could see a spectral boulder beetle, a queen bee, 4 killer bees, a hornet
simulacrum and 3 centaur warrior simulacra.

Vanquished Creatures
  A two-headed ogre (D:10)
  Maurice (D:8)
  A kobold demonologist (D:10)
  A troll (D:9)
  A hornet (D:9)
  A wraith (D:10)
  Sigmund (D:2)
  A centaur simulacrum (Gauntlet)
  3 yaks (D:9)
  A steam dragon (D:10)
  A vampire mosquito (D:8)
  2 acid dragons (D:9)
  3 water moccasins
  3 hell hounds (D:10)
  3 sky beasts
  2 ice beasts
  6 orc warriors
  A black bear (D:7)
  4 wolves
  An ogre (D:6)
  5 centaurs
  A kobold brigand (D:10)
  3 bullfrogs
  2 gnoll sergeants
  3 scorpions (D:6)
  3 wights (D:10)
  10 killer bees
  4 howler monkeys
  An electric eel (D:9)
  6 hounds
  A gnoll bouda (D:6)
  7 orc priests
  4 iguanas
  A sleepcap (D:5)
  2 orc wizards
  Robin (D:2)
  14 gnolls
  6 adders
  A shadow imp (D:7)
  2 white imps
  3 ribbon worms (D:9)
  3 dart slugs
  25 orcs
  3 ball pythons
  4 bats
  7 endoplasms
  4 giant cockroaches
  13 goblins
  13 hobgoblins
  7 quokkas
  4 frilled lizards
  20 kobolds
  7 rats
228 creatures vanquished.

Vanquished Creatures (collateral kills)
  An orc knight (Bailey)
  A gnoll (Bailey)
  A kobold (Bailey)
3 creatures vanquished.

Vanquished Creatures (others)
  2 hell knights (D:10)
2 creatures vanquished.

Grand Total: 233 creatures vanquished

Notes
Turn   | Place    | Note
-------+----------+-------------------------------------------
     0 | D:1      | Think the Octopode Fighter began the quest for the Orb.
     0 | D:1      | Reached XP level 1. HP: 16/16 MP: 1/1
   105 | D:1      | Reached skill level 1 in Stealth
   105 | D:1      | Reached XP level 2. HP: 12/21 MP: 2/2
   485 | D:1      | Reached XP level 3. HP: 26/26 MP: 3/3
   739 | D:2      | Noticed Sigmund
   751 | D:2      | Killed Sigmund
   752 | D:2      | Reached XP level 4. HP: 18/33 MP: 4/4
   752 | D:2      | Reached XP level 5. HP: 21/37 MP: 5/5
  1034 | D:2      | Noticed Robin
  1050 | D:2      | Killed Robin
  1051 | D:2      | Reached skill level 5 in Dodging
  1054 | D:2      | Reached XP level 6. HP: 23/43 MP: 6/6
  1328 | D:3      | Found a sparkling altar of Nemelex Xobeh.
  1329 | D:3      | Found a glowing silver altar of Zin.
  1375 | D:3      | Found Syitam's Weapon Shop.
  1483 | D:3      | Found an iron altar of Okawaru.
  1536 | D:3      | Found a faded altar of an unknown god.
  2200 | D:4      | Found a shadowy altar of Dithmenos.
  2397 | D:5      | Entered Level 5 of the Dungeon
  2438 | D:5      | Noticed a water moccasin
  2702 | D:5      | Killed a water moccasin
  2703 | D:5      | Reached XP level 7. HP: 45/49 MP: 7/7
  3188 | D:6      | Reached skill level 5 in Fighting
  3807 | D:6      | Reached XP level 8. HP: 53/56 MP: 8/8
  3820 | D:6      | Gained mutation: You have hidden genetic defects. [potion
                  | of mutation]
  3820 | D:6      | Gained mutation: Your magical capacity is low. (-10% MP)
                  | [potion of mutation]
  3820 | D:6      | Gained mutation: Your spells are a little harder to cast,
                  | but a little more powerful. [potion of mutation]
  4016 | D:5      | Lost mutation: Your magical capacity is low. (-10% MP)
                  | [potion of mutation]
  4016 | D:5      | Lost mutation: You have hidden genetic defects. [potion of
                  | mutation]
  4016 | D:5      | Lost mutation: Your spells are a little harder to cast, but
                  | a little more powerful. [potion of mutation]
  4016 | D:5      | Gained mutation: Your spells are a little easier to cast,
                  | but a little less powerful. [potion of mutation]
  5102 | D:6      | Found a hide-covered altar of Uskayaw.
  5652 | D:7      | Found a staircase to the Ecumenical Temple.
  5710 | Temple   | Entered the Ecumenical Temple
  5720 | Temple   | Became a worshipper of Gozag Ym Sagoz the Greedy
  5799 | D:7      | Found Rympawoh's Armour Shoppe.
  5812 | D:7      | Reached XP level 9. HP: 59/66 MP: 9/9
  5944 | D:7      | Reached skill level 1 in Throwing
  5975 | D:7      | Reached skill level 3 in Long Blades
  6596 | D:8      | Reached skill level 4 in Long Blades
  6596 | D:8      | Reached skill level 1 in Earth Magic
  6797 | D:8      | Found a flagged portal.
  6807 | Bailey   | Entered a bailey
  6814 | Bailey   | Noticed an orc knight
  6974 | Bailey   | Learned a level 1 spell: Sandblast
  7436 | Bailey   | Killed an orc knight
  7509 | Bailey   | Reached skill level 5 in Long Blades
  7743 | D:8      | Identified a scroll of acquirement
  7743 | D:8      | Acquired the +6 double sword of the Evil Eye {freeze, rF+
                  | Int+3 Dex+5}
  7821 | D:8      | Reached XP level 10. HP: 73/73 MP: 10/10
  7873 | D:8      | Noticed Maurice
  7873 | D:8      | You fall into a shaft and drop 1 floor!
  7934 | D:9      | Noticed a moth of wrath
  8192 | D:9      | Found a staircase to the Orcish Mines.
  8282 | D:9      | Found a staircase to the Lair.
  8287 | D:9      | Reached skill level 6 in Long Blades
  8654 | D:8      | Maurice stole a +0 long sword
  8665 | D:8      | Reached skill level 5 in Shields
  8669 | D:8      | Killed Maurice
  9404 | D:9      | Found Begomid's CLEARANCE SALE!.
  9408 | D:9      | Bought a scroll of identify for 8 gold pieces
  9409 | D:9      | Reached skill level 11 in Long Blades
  9409 | D:9      | Reached XP level 11. HP: 80/80 MP: 11/11
 10196 | D:9      | Found a bloodstained altar of Trog.
 10367 | D:10     | Entered Level 10 of the Dungeon
 10582 | D:10     | Noticed a two-headed ogre
 10855 | D:10     | Killed a two-headed ogre
 10856 | D:10     | Reached skill level 12 in Long Blades
 10941 | D:10     | Learned a level 3 spell: Stone Arrow
 11518 | D:10     | Learned a level 3 spell: Passwall
 11549 | D:10     | Reached XP level 12. HP: 84/86 MP: 12/12
 11575 | D:10     | Noticed a hell knight
 11575 | D:10     | Noticed a hell knight
 11575 | D:10     | Noticed a hell knight
 11579 | D:10     | Noticed a hell knight
 11580 | D:10     | Noticed a hell knight
 11587 | D:10     | Noticed a hell knight
 11588 | D:10     | Noticed a hell knight
 11592 | D:10     | HP: 4/86 [hell knight/+5 heavy broad axe (30)]
 11956 | D:11     | Found a gate leading to a gauntlet.
 11973 | Gauntlet | Entered a Gauntlet
 11973 | Gauntlet | Found a transporter.
 11973 | Gauntlet | Found a transporter.
 11974 | Gauntlet | Noticed a soul eater
 11978 | Gauntlet | Found a transporter.
 11981 | Gauntlet | Found a transporter.
 11981 | Gauntlet | Found a transporter.
 11981 | Gauntlet | Found a transporter.
 11998 | Gauntlet | Found a runed translucent door.
 12012 | Gauntlet | Found a transporter.
 12016 | Gauntlet | Found a transporter.
 12018 | Gauntlet | Noticed a death scarab
 12023 | Gauntlet | Noticed a death scarab
 12024 | Gauntlet | Found a transporter.
 12037 | Gauntlet | Noticed a quicksilver ooze
 12040 | Gauntlet | Found a transporter.
 12069 | Gauntlet | Found a transporter.
 12091 | Gauntlet | Found a transporter.
 12093 | Gauntlet | Found a runed translucent door.
 12095 | Gauntlet | Found a runed translucent door.
 12156 | Gauntlet | Identified the amulet "Uvaxuj" {Spirit Str+2}
 12161 | Gauntlet | HP: 1/86 [centaur warrior simulacrum (6)]
 12161 | Gauntlet | Mangled by a centaur warrior simulacrum

Illustrated notes

Levels and vault maps discovered:
D:1:      lightli_arrival_boilingwater, layout_rooms
D:2:      layout_rooms, chequers_serial_rivers_micro_b, kennysheep_flooded_box,
          minmay_tripent, uniq_sigmund, uniq_robin
D:3:      layout_basic, mainiacjoe_overflow_divided_tiny,
          okawaru_ov_weapons_minmay,
          dreamdust_ecumenical_altar_angels_and_demons, serial_shops, shop
D:4:      layout_basic, grunt_dithmenos_smoke_and_mirrors
D:5:      lemuel_ice_spiral_2, layout_basic
D:6:      layout_rooms, kennysheep_mini, serial_rivers,
          chequers_serial_rivers_small_a, chequers_serial_rivers_large_a,
          chequers_serial_rivers_micro_d, chequers_serial_rivers_room_b,
          chequers_serial_rivers_micro_b, chequers_serial_rivers_room_b
D:7:      layout_loops_ring, minmay_temple_entry_wispy, serial_shops,
          nicolae_shop_advertising_works [nicolae_subvault_shop_adworks],
          minivault_10
D:8:      layout_basic, enter_bailey_8, uniq_maurice
D:9:      layout_irregular_city, tgw_trog, erik_lair_island,
          minmay_orc_entry_temple_small, nicolae_shop_clearance
D:10:     layout_basic, minmay_rotating_lava
D:11:     layout_basic, gauntlet_entry_generic
Temple:   nicolae_temple_x_marks_the_god
Gauntlet: minmay_gauntlet_77_indecision [minmay_gauntlet_arena_77_checkered,
          minmay_gauntlet_arena_77_path, minmay_gauntlet_arena_77_cramped,
          minmay_gauntlet_arena_77_two_lines,
          minmay_gauntlet_arena_77_terracotta_army,
          minmay_gauntlet_arena_77_hold_the_fort,
          nicolae_gauntlet_exit_dead_adventurers]

Skill      XL: |  1  2  3  4  5  6  7  8  9 10 11 |
---------------+----------------------------------+-----
Stealth        | 1 3 4 |  4.0
Fighting       | 4 5 8 9 |  9.6
Dodging        | 4 5 6 7 8 9 |  9.6
Throwing       | 2 |  2.0
Long Blades    | 5 11 12 | 12.2
Earth Magic    | 2 3 4 |  4.5
Shields        | 4 5 |  5.8

Action                     |  1- 3 |  4- 6 |  7- 9 | 10-12 || total
---------------------------+-------+-------+-------+-------++-------
  Melee: Long sword        |    53 |    92 |   208 |       ||   353
         Tentacles         |     7 |    16 |    51 |    27 ||   101
         Constrict         |     6 |    24 |    52 |    20 ||   102
         Punch             |     1 |     1 |     2 |       ||     4
         Double sword      |       |       |     2 |   130 ||   132
  Throw: Dart              |       |       |     4 |    13 ||    17
   Cast: Sandblast         |       |       |       |    19 ||    19
         Stone Arrow       |       |       |       |     3 ||     3
  Evoke: Wand              |       |       |     6 |     8 ||    14
    Use: Scroll            |     2 |     7 |     2 |     8 ||    19
         Potion            |     1 |     4 |     7 |    13 ||    25
   Stab: Sleeping          |     9 |     9 |     6 |     7 ||    31
         Invisible         |       |     2 |       |       ||     2
         Distracted        |       |     1 |     2 |     3 ||     6
 Armour: Skin              |    21 |    77 |    83 |    88 ||   269
  Dodge: Dodged            |    26 |    61 |   158 |   166 ||   411
  Block: Buckler           |     6 |    41 |    82 |    71 ||   200
